 Dungeon Crawl Stone Soup version 0.32-a0-720-g1d96ad090f (webtiles) character file.

Game seed: 2805202192096959010

194 Nvm9 the Shield-Bearer (level 5, -23/42 HPs)
             Began as a Demonspawn Fighter on Mar 16, 2024.
             Annihilated by an ogre
             ... wielding a +0 giant spiked club
              (30 damage)
             ... on level 4 of the Dungeon.
             The game lasted 00:06:33 (1747 turns).

Nvm9 the Shield-Bearer (Demonspawn Fighter)         Turns: 1747, Time: 00:06:33

Health: -23/42     AC: 13    Str: 19    XL:     5   Next: 44%
Magic:  5/5        EV:  6    Int:  8    God:
Gold:   159        SH:  4    Dex: 12    Spells: 4/4 levels left

rFire   . . .        a - +0 war axe
rCold   . . .        c - +0 buckler
rNeg    . . .        i - +0 chain mail
rPois   .            (no helmet)
rElec   .            (no cloak)
rCorr   .            (no gloves)
SInv    .            (no boots)
Will    +....        (no amulet) Stlth
                     f - +4 ring of protection
HPRegen 0.27/turn    l - ring of willpower
MPRegen 0.09/turn

%: no passive effects
@: no status effects
A: foul stench 1, spiny 1, weakness stinger 1
a: no special abilities


You were on level 4 of the Dungeon.
You visited 1 branch of the dungeon, and saw 4 of its levels.

You collected 159 gold pieces.

Inventory:

Hand Weapons
 a - a +0 war axe (weapon)
 v - a +2 short sword of freezing
Missiles
 h - 7 poisoned darts (quivered)
 o - 5 atropa-tipped darts
 u - 5 boomerangs
Armour
 b - a +0 scale mail
 c - a +0 buckler (worn)
 e - a +0 ring mail
 i - a +0 chain mail (worn)
Magical Staves
 k - a staff of cold
Jewellery
 f - a +4 ring of protection (left hand)
 g - a ring of magical power
 l - a ring of willpower (right hand)
Talismans
 r - a serpent talisman
Scrolls
 j - a scroll of identify
 m - a scroll of immolation {unknown}
 n - a scroll of vulnerability
 q - a scroll of blinking {unknown}
 s - a scroll of torment
 t - a scroll of fog {unknown}
Potions
 d - a potion of might
 p - a potion of lignification {unknown}
 w - a potion of berserk rage {unknown}


   Skills:
 + Level 3.6 Fighting
 * Level 3.0 Axes
 * Level 3.7 Armour
 * Level 3.7 Shields


You had 4 spell levels left.
You didn't know any spells.
Your spell library was empty.

Dungeon Overview and Level Annotations

Branches:
Dungeon (4/15)
 Temple: D:4-7

Altars:
Kikubaaqudgha

Shops:
D:4 ?


Innate Abilities, Weirdness & Mutations

You may rarely emit foul miasma when damaged in melee.
You are partially covered in sharp spines.
You have a small tail.


Message History

Throw: 12 darts (poison)
Press: ? - help, Q - select action, (/) - cycle Shift-Dir - straight line, f/p - ogre
Aim: an ogre, wielding a +0 giant spiked club (lightly wounded, poisoned, 71% to hit)
You throw a poisoned dart.
The poisoned dart barely misses the ogre.
Throw: 11 darts (poison)
Press: ? - help, Q - select action, (/) - cycle Shift-Dir - straight line, f/p - ogre
Aim: an ogre, wielding a +0 giant spiked club (lightly wounded, poisoned, 71% to hit)
You throw a poisoned dart.
The poisoned dart barely misses the ogre.
Throw: 10 darts (poison)
Press: ? - help, Q - select action, (/) - cycle Shift-Dir - straight line, f/p - ogre
Aim: an ogre, wielding a +0 giant spiked club (lightly wounded, poisoned, 71% to hit)
You throw a poisoned dart. The poisoned dart hits the ogre.
The ogre looks even sicker.
The ogre is lightly wounded.
Throw: 9 darts (poison)
Press: ? - help, Q - select action, (/) - cycle Shift-Dir - straight line, f/p - ogre
Aim: an ogre, wielding a +0 giant spiked club (moderately wounded, poisoned, 71% to hit)
You throw a poisoned dart.
The poisoned dart barely misses the ogre.
The ogre attacks as it pursues you! You block the ogre's attack.
The ogre looks more healthy.
Throw: 8 darts (poison)
Press: ? - help, Q - select action, (/) - cycle Shift-Dir - straight line, f/p - ogre
Aim: an ogre, wielding a +0 giant spiked club (heavily wounded, 71% to hit)
You throw a poisoned dart.
The poisoned dart barely misses the ogre.
The ogre is struck by your spines.
The ogre hits you with a +0 giant spiked club!!
Ouch! That really hurt!
* * * LOW HITPOINT WARNING * * *
Unknown command.
The ogre attacks as it pursues you! The ogre is struck by your spines.
The ogre hits you with a +0 giant spiked club.
* * * LOW HITPOINT WARNING * * *
The ogre attacks as it pursues you!
The ogre hits you with a +0 giant spiked club!!
Ouch! That really hurt!
You die...

#.## .# #.## #. #..# .#
##.# ##.# #.## ##.###
#..# ##..<.## ##.##
###......## #...####
##...#.....#
#...##O@.####..##.......
#...##
###...#..##........
...## ####..##.........
.# #.....##<........
....................
....................
.................∩..
....................
...........†........


You could see an ogre.

Vanquished Creatures
  The ghost of tape the Trooper, a weakling DsFi (D:3)
  Jessica (D:2)
  6 adders
  A dart slug (D:1)
  2 orcs (D:3)
  5 ball pythons
  6 endoplasms
  4 giant cockroaches
  7 goblins
  7 hobgoblins
  4 jackals (D:2)
  4 quokkas
  6 bats
  A frilled lizard (D:3)
  5 kobolds
  5 rats
65 creatures vanquished.

Vanquished Creatures (others)
  A human (D:3)
1 creature vanquished.

Grand Total: 66 creatures vanquished

Notes
Turn   | Place    | Note
-------+----------+-------------------------------------------
     0 | D:1      | Nvm9 the Demonspawn Fighter began the quest for the Orb.
     0 | D:1      | Reached XP level 1. HP: 18/18 MP: 1/1
   139 | D:1      | Gained mutation: You have a small tail. [demonic ancestry]
   139 | D:1      | Reached XP level 2. HP: 24/24 MP: 2/2
   373 | D:2      | Reached XP level 3. HP: 22/29 MP: 3/3
   677 | D:2      | Noticed Jessica
   685 | D:2      | Killed Jessica
   686 | D:2      | Gained mutation: You are partially covered in sharp spines.
                  | [demonic ancestry]
   686 | D:2      | Reached XP level 4. HP: 35/35 MP: 4/4
  1023 | D:3      | Found an ancient bone altar of Kikubaaqudgha.
  1023 | D:3      | Noticed a human
  1026 | D:3      | Killed a human
  1281 | D:3      | Found a runed translucent door.
  1284 | D:3      | Noticed tape's ghost (weakling DsFi)
  1569 | D:3      | Gained mutation: You may rarely emit foul miasma when
                  | damaged in melee. [demonic ancestry]
  1569 | D:3      | Reached XP level 5. HP: 41/41 MP: 5/5
  1577 | D:3      | Killed tape's ghost
  1653 | D:4      | Found Yforurowk's Magic Scroll Emporium.
  1719 | D:4      | Noticed an ogre
  1747 | D:4      | Annihilated by an ogre

Illustrated notes

Levels and vault maps discovered:
D:1:      onia_arrival_pyramid, layout_rooms,
          chequers_ecumenical_altar_simple_redux, chequers_serial_rivers_room_b,
          kennysheep_doodads
D:2:      layout_rooms, uniq_jessica
D:3:      layout_loops_cross, tgw_kikubaaqudgha, ebering_ghost_sewer_d
D:4:      layout_cave_pods, nicolae_qazlal_style_of_elements, serial_shops,
          nicolae_shop_statue_plus, shop, shop

Skill      XL: |  1  2  3  4  5 |
---------------+----------------+-----
Axes           | 2 3 |  3.0
Shields        | 3 |  3.7
Armour         | 3 |  3.7
Fighting       | |  3.6

Action                     |  1- 3 |  4- 6 || total
---------------------------+-------+-------++-------
  Melee: War axe           |   105 |    52 ||   157
         Tailslap          |     7 |     5 ||    12
  Throw: Dart              |       |     6 ||     6
    Use: Scroll            |     2 |       ||     2
         Potion            |     2 |       ||     2
 Armour: Scale mail        |    14 |       ||    14
         Chain mail        |    82 |    43 ||   125
  Dodge: Dodged            |    44 |    11 ||    55
  Block: Buckler           |    29 |    12 ||    41

Table legend: (Time is in decaauts)
 A = Elapsed time spent in this place.
 B = Non-inter-level travel time spent in this place.
 C = Inter-level travel time spent in this place.
 D = Time resting spent in this place.
 E = Time spent auto-exploring this place.
 F = Levels seen in this place.
 G = Mean time per level.
                   A        B        C        D        E       F      G
               +--------+--------+--------+--------+--------+-----+--------+
         Total |   1818 |   1770 |     48 |    130 |   1046 |   4 |  454.5 |
       Dungeon |   1818 |   1770 |     48 |    130 |   1046 |   4 |  454.5 |
               +--------+--------+--------+--------+--------+-----+--------+

Top non-repeatable levels by time:
     D:3: 877 daAuts
     D:2: 456 daAuts
     D:1: 387 daAuts
     D:4: 97 daAuts
